 Dungeon Crawl Stone Soup version 0.28-b1-25-g9875b3fc8c (webtiles) character file.

Game seed: 255521196004500797

1444 vvl the Stinger (level 8, 0/58 HPs)
             Began as a Demonspawn Venom Mage on Feb 2, 2022.
             Was a Follower of Kikubaaqudgha.
             Killed by nerve-wracking pain
             ... invoked by a shadow imp
              (9 damage)
             ... on level 6 of the Dungeon.
             The game lasted 00:14:49 (7691 turns).

vvl the Stinger (Demonspawn Venom Mage)             Turns: 7691, Time: 00:14:49

Health: 0/58       AC:  7    Str: 14    XL:     8   Next: 46%
Magic:  5/14       EV: 13    Int: 25    God:    Kikubaaqudgha [*.....]
Gold:   197        SH:  0    Dex: 14    Spells: 10/15 levels left

rFire   . . .      SeeInvis .   w - +2 quarterstaff (chaos)
rCold   . . .      Faith    .   (shield currently unavailable)
rNeg    . . .      Spirit   .   a - +0 robe
rPois   .          Reflect  .   (no helmet)
rElec   .          Harm     .   l - +2 cloak
rCorr   .          Rampage  .   (no gloves)
Will    .....                   (no boots)
Stlth   ++........              (no amulet)
HPRegen 0.19/turn               r - +6 ring of intelligence
MPRegen 0.14/turn               s - +6 ring of strength

@: no status effects
A: claws 2, slimy green scales 1, powered by pain 2, spiny 1
a: Renounce Religion, Receive Corpses


You were on level 6 of the Dungeon.
You worshipped Kikubaaqudgha.
Kikubaaqudgha was aware of your devotion.
You visited 2 branches of the dungeon, and saw 7 of its levels.

You collected 197 gold pieces.

Inventory:

Hand Weapons
 m - a +0 long sword
 w - a +2 quarterstaff of chaos (weapon)
Missiles
 o - a throwing net
Armour
 a - a +0 robe (worn)
 l - a +2 cloak (worn)
Jewellery
 r - a +6 ring of intelligence (left claw)
 s - a +6 ring of strength (right claw)
Wands
 n - a wand of iceblast (9)
 p - a wand of mindburst (14)
Scrolls
 d - 2 scrolls of identify {unknown}
 g - 2 scrolls of magic mapping {unknown}
 h - a scroll of amnesia {unknown}
 i - a scroll of fog {unknown}
 j - a scroll of immolation {unknown}
 k - 3 scrolls of teleportation {unknown}
 u - a scroll of enchant armour {unknown}
 x - a scroll of holy word {unknown}
 y - a scroll of vulnerability {unknown}
Potions
 b - a potion of berserk rage {unknown}
 c - a potion of brilliance {unknown}
 e - 4 potions of curing {unknown}
 f - a potion of haste {unknown}
 q - a potion of cancellation {unknown}
 t - a potion of ambrosia {unknown}
 v - 2 potions of flight {unknown}
 z - a potion of attraction {unknown}


   Skills:
 + Level 3.5 Fighting
 + Level 3.1 Armour
 + Level 3.7 Dodging
 - Level 2.0 Stealth
 + Level 2.8 Unarmed Combat
 + Level 4.0 Spellcasting
 + Level 3.7 Necromancy
 + Level 3.3 Transmutations
 + Level 4.6 Poison Magic


You had 10 spell levels left.
You knew the following spells:

 Your Spells              Type           Power      Damage    Failure   Level
a - Sting                 Tmut/Pois      100%       1d8       1%          1
b - Olgreb's Toxic Radia  Pois           28%        N/A       14%         4

Your spell library contained the following spells:

 Spells                   Type           Power      Damage    Failure   Level
 Animate Skeleton         Necr           46%        N/A       1%          1
 Sublimation of Blood     Necr           23%        N/A       3%          2
 Wereblood                Tmut           21%        N/A       3%          2
 Poisonous Vapours        Pois/Air       32%        N/A       5%          2
 Corpse Rot               Necr/Air       28%        N/A       6%          2
 Mephitic Cloud           Conj/Pois/Air  12%        N/A       14%         3
 Agony                    Necr           23%        N/A       47%         5
 Summon Hydra             Summ           2%         N/A       100%        7


Dungeon Overview and Level Annotations

Branches:
Dungeon (6/15)             Temple (1/1) D:5

Altars:
Ashenzari
Cheibriados
Dithmenos
Elyvilon
Fedhas
Gozag
Kikubaaqudgha
Nemelex Xobeh
Okawaru
Qazlal
Ru
Sif Muna
Trog
Uskayaw
Wu Jian
Xom
Yredelemnul
Zin
The Shining One

Shops:
D:1 =


Innate Abilities, Weirdness & Mutations

You have very sharp fingernails.
You are partially covered in slimy green scales. (AC +2)
You sometimes gain power by taking damage.
You are partially covered in sharp spines.


Message History

You can now receive cadavers from Kikubaaqudgha.
Kikubaaqudgha grants you a gift!
You add the spells Animate Skeleton, Corpse Rot and Agony to your library.
The steam dragon scales are intact enough to wear.
The shadow imp hits you but does no damage.
The shadow imp gestures at you. Pain shoots through your body!
* * * LOW HITPOINT WARNING * * *
Your Spellcasting skill increases to level 4!
Casting: Sting (safe; 1% risk of failure)
Confirm with . or Enter, or press ? or * to list all spells.
Aiming: Sting (safe; 1% risk of failure)
Press: ? - help, Shift-Dir - straight line, f - shadow imp
Aim: a shadow imp (lightly wounded, 75% to hit)
The sting hits the shadow imp.
The shadow imp partially resists.
The shadow imp is moderately wounded.
The shadow imp is struck by your spines.
The shadow imp closely misses you.
Casting: Sting (safe; 1% risk of failure)
Confirm with . or Enter, or press ? or * to list all spells.
Aiming: Sting (safe; 1% risk of failure)
Press: ? - help, Shift-Dir - straight line, f/p - shadow imp
Aim: a shadow imp (heavily wounded, 75% to hit)
The sting hits the shadow imp but does no damage.
The shadow imp is poisoned.
The shadow imp is heavily wounded.
The shadow imp shouts, "Out, out, thou feckless toad-spotted slabber!"
The shadow imp closely misses you.
Casting: Sting (safe; 1% risk of failure)
Confirm with . or Enter, or press ? or * to list all spells.
Aiming: Sting (safe; 1% risk of failure)
Press: ? - help, Shift-Dir - straight line, f/p - shadow imp
Aim: a shadow imp (heavily wounded, poisoned, 75% to hit)
The sting hits the shadow imp.
The shadow imp partially resists.
The shadow imp looks even sicker.
The shadow imp is severely wounded.
The shadow imp gestures at you. Pain shoots through your body!
You die...
Kikubaaqudgha rasps: "You have failed me!
Welcome... death!"

.#####..#
#.###....###.##..### ##..##
#.###.##..#..###.... #....##
##..#.####...## #..##
#..###.###.....####...##
#..## #.#
##.##....###......####.#.
#.# ##.#....#...##........#.
... #........####..........
... #### #.......##
##..#####.. ..
....##..##.@## #..# ##.
........###[5#####...#####..
..........)).†..............
).....§§§..........#........
.....§D..........#.. .......
........).......... ......#
.................##. .....##
................## ....# #
.......$[.......# #..#


You could see a shadow imp (very poisoned).

Vanquished Creatures
  Sigmund (D:5)
  A steam dragon (D:6)
  A water moccasin (D:5)
  2 black bears (D:5)
  5 scorpions
  Crazy Yiuf (D:4)
  An orc priest (D:3)
  A bullfrog skeleton (D:5)
  4 hounds
  2 iguanas (D:5)
  An orc wizard (D:5)
  Robin (D:4)
  4 gnolls
  9 adders
  2 white imps (D:5)
  2 ufetubi
  7 worms
  An adder skeleton (D:4)
  2 dart slugs
  9 orcs
  9 ball pythons
  8 bats
  12 endoplasms
  2 giant cockroaches
  14 goblins
  12 hobgoblins
  9 kobolds
  6 quokkas
  5 frilled lizards
  7 rats
141 creatures vanquished.

Vanquished Creatures (others)
  5 fungi
  5 plants
10 creatures vanquished.

Grand Total: 151 creatures vanquished

Notes
Turn   | Place    | Note
-------+----------+-------------------------------------------
     0 | D:1      | vvl the Demonspawn Venom Mage began the quest for the Orb.
     0 | D:1      | Reached XP level 1. HP: 13/13 MP: 3/3
   364 | D:1      | Reached skill level 1 in Transmutations
   468 | D:1      | Gained mutation: You are partially covered in sharp spines.
                  | [demonic ancestry]
   468 | D:1      | Reached XP level 2. HP: 7/20 MP: 0/5
   826 | D:1      | Found Boih's One-of-a-Kind Rings.
   843 | D:1      | Found a faded altar of an unknown god.
  1082 | D:1      | Gained mutation: You have sharp fingernails. [demonic
                  | ancestry]
  1082 | D:1      | Reached XP level 3. HP: 25/25 MP: 2/6
  1720 | D:2      | Reached skill level 1 in Necromancy
  1978 | D:2      | Reached skill level 1 in Fighting
  2259 | D:2      | Gained mutation: You are partially covered in slimy green
                  | scales. (AC +2) [demonic ancestry]
  2259 | D:2      | Reached XP level 4. HP: 12/32 MP: 1/7
  2465 | D:2      | Reached skill level 1 in Armour
  3561 | D:3      | Gained mutation: You sometimes gain a little power by
                  | taking damage. [demonic ancestry]
  3561 | D:3      | Reached XP level 5. HP: 37/37 MP: 1/8
  3818 | D:3      | Found a sacrificial altar of Ru.
  3818 | D:3      | Found a basalt altar of Yredelemnul.
  4347 | D:3      | Found a broken altar of Ashenzari.
  4351 | D:3      | Saw a vision of the Swamp and the Snake Pit.
  4351 | D:3      | Noticed an anaconda
  4351 | D:3      | Noticed an alligator
  4351 | D:3      | Noticed a black mamba
  4351 | D:3      | Noticed a mana viper
  4351 | D:3      | Noticed a shock serpent
  4351 | D:3      | Noticed a black mamba
  4351 | D:3      | Noticed a goliath frog
  4351 | D:3      | Noticed a vampire mosquito
  4351 | D:3      | Noticed a naga sharpshooter
  4352 | D:3      | Noticed a vampire mosquito
  4352 | D:3      | Noticed a swamp drake
  4354 | D:3      | Noticed a naga
  4850 | D:4      | Reached skill level 1 in Unarmed Combat
  5063 | D:4      | Gained mutation: You sometimes gain power by taking damage.
                  | [demonic ancestry]
  5063 | D:4      | Reached XP level 6. HP: 44/44 MP: 7/10
  5255 | D:4      | Noticed Robin
  5270 | D:4      | Killed Robin
  5394 | D:4      | Found a runed translucent door.
  5395 | D:4      | Noticed Crazy Yiuf
  5575 | D:4      | Learned a level 4 spell: Olgreb's Toxic Radiance
  5581 | D:4      | Killed Crazy Yiuf
  5803 | D:5      | Entered Level 5 of the Dungeon
  5803 | D:5      | Found a staircase to the Ecumenical Temple.
  5824 | Temple   | Entered the Ecumenical Temple
  6087 | Temple   | Became a worshipper of Kikubaaqudgha
  6158 | D:5      | Found a blossoming altar of Fedhas.
  6158 | D:5      | Found a stormy altar of Qazlal.
  6434 | D:5      | Found a shimmering blue altar of Sif Muna.
  6482 | D:5      | Gained mutation: You have very sharp fingernails. [demonic
                  | ancestry]
  6482 | D:5      | Reached XP level 7. HP: 46/51 MP: 7/11
  6636 | D:5      | Noticed Sigmund
  6645 | D:5      | Killed Sigmund
  7061 | D:5      | Found a hide-covered altar of Uskayaw.
  7199 | D:5      | Reached XP level 8. HP: 45/58 MP: 6/13
  7688 | D:6      | Reached * piety under Kikubaaqudgha
  7688 | D:6      | Received a gift from Kikubaaqudgha
  7691 | D:6      | Killed from afar by a shadow imp

Illustrated notes

Levels and vault maps discovered:
D:1:      erik_arrival_triangle_medium, layout_basic, serial_forest,
          infiniplex_forest_zigzag_2, infiniplex_forest_lined_ring,
          infiniplex_forest_lined_corner, infiniplex_forest_corner_1,
          infiniplex_forest_clump_long, infiniplex_forest_straight_2,
          infiniplex_forest_straight_2, infiniplex_forest_straight_2,
          basic_ecumenical_altar, nicolae_shop_unique_rings, minivault_23,
          st_stairs_10
D:2:      layout_basic, serial_forest, infiniplex_forest_clump_double,
          infiniplex_forest_clump_curved, infiniplex_forest_clump_double,
          infiniplex_forest_straight_5, infiniplex_forest_lined_corner,
          minmay_misc_feat_square
D:3:      layout_basic, chequers_temple_overflow_statue_of_worship,
          grunt_ashenzari_visionary [grunt_ashenzari_visionary_swamp,
          grunt_ashenzari_visionary_snake], grunt_decor_cap, minmay_ruptured
D:4:      layout_cave_pools, uniq_robin, uniq_crazy_yiuf_cottage
D:5:      layout_basic, grunt_temple_overflow_forces_of_nature,
          nicolae_overflow_crystal_walls, nicolae_sif_muna_little_library,
          eat_drink_and_be_merry_uskayaw, temple_hall, kennysheep_dice,
          uniq_sigmund
D:6:      layout_layer_cave, uniq_prince_ribbit1
Temple:   jpeg_temple_alley_garden

Skill      XL: |  1  2  3  4  5  6  7  8 |
---------------+-------------------------+-----
Transmutations | 1 2 3 |  3.3
Stealth        | 2 |  2.0
Dodging        | 2 3 |  3.7
Necromancy     | 1 2 3 |  3.7
Fighting       | 1 2 3 |  3.5
Armour         | 1 2 3 |  3.1
Unarmed Combat | 1 2 |  2.8
Spellcasting   | 3 4 |  4.0
Poison Magic   | 4 |  4.6

Action                   |  1- 3 |  4- 6 |  7- 9 || total
-------------------------+-------+-------+-------++-------
Melee: Unarmed           |    26 |    36 |       ||    62
       Quarterstaff      |       |     5 |    14 ||    19
       Punch             |       |     1 |       ||     1
 Cast: Sting             |    82 |   151 |    62 ||   295
Evoke: Wand              |       |     1 |       ||     1
 Stab: Sleeping          |       |     1 |     1 ||     2
Armor: Robe              |     9 |    23 |    21 ||    53
Dodge: Dodged            |    39 |    63 |    35 ||   137
